 Dungeon Crawl Stone Soup version 0.20.1-1-g8b1a95d (webtiles) character file.

37791 Mojopoop the Warrior (level 13, -4/127 HPs)
             Began as a Minotaur Fighter on Jan 3, 2018.
             Slain by a red ugly thing (14 damage)
             ... on level 13 of the Dungeon.
             The game lasted 01:25:54 (11920 turns).

Mojopoop the Warrior (Minotaur Fighter)            Turns: 11920, Time: 01:25:56

Health: -4/127     AC: 13    Str: 27    XL:     13   Next: 60%
Magic:  12/12      EV: 18    Int:  3    God:    Xom [......]
Gold:   726        SH:  8    Dex: 12    Spells: 12/12 levels left

rFire    . . .     SeeInvis +   u - +2 flail (protect)
rCold    . . .     Gourm    .   o - +2 buckler
rNeg     . . .     Faith    .   s - +0 troll leather armour
rPois    +         Spirit   .   (helmet restricted)
rElec    .         Reflect  .   (no cloak)
rCorr    .         Harm     .   h - +0 pair of gloves
MR       .....     Rnd*Tele +   (no boots)
Stlth    +.........             (no amulet)
Regen    0.0/turn               b - ring of poison resistance
MPRegen  0.2/turn               x - +3 ring of strength

@: about to teleport, protection aura
A: retaliatory headbutt, horns 2, repulsion field 1, see invisible, blink,
deformed body, dopey 1, inhibited regeneration, teleportitis 1, MP-powered wands
a: Blink, Renounce Religion


You were on level 13 of the Dungeon.
You worshipped Xom.
You were a very special plaything of Xom.
You were not hungry.

You visited 3 branches of the dungeon, and saw 15 of its levels.
You also visited: Ice Cave.

You collected 950 gold pieces.
You spent 224 gold pieces at shops.

Inventory:

Hand Weapons
 u - a +2 flail of protection (weapon)
Missiles
 c - 4 javelins of penetration (quivered)
Armour
 h - a +0 pair of gloves (worn)
 k - a +3 scale mail of magic resistance
 o - a +2 buckler (worn)
 s - a +0 troll leather armour (worn)
Jewellery
 b - a ring of poison resistance (left hand)
 r - a +3 ring of dexterity
 x - a +3 ring of strength (right hand)
Wands
 d - a wand of paralysis (11/24)
 l - a wand of random effects (9/48)
 q - a wand of polymorph (15/24)
 v - a wand of flame (21/48)
 w - a wand of flame (13/48)
Scrolls
 a - a scroll of teleportation
 f - a scroll of recharging
 m - 5 scrolls of remove curse
Potions
 e - a potion of lignification
 i - a potion of might
 j - 3 potions of flight
 n - 4 potions of curing
Comestibles
 g - 9 royal jellies
 p - 10 bread rations
 t - a meat ration


   Skills:
 + Level 15.5 Fighting
 - Level 14.3 Maces & Flails
 + Level 13.6 Armour
 + Level 7.8 Dodging
 - Level 7.7 Shields


You had 12 spell levels left.
You didn't know any spells.

Dungeon Overview and Level Annotations

Branches:
Dungeon (13/15)            Temple (1/1) D:7            Lair (1/6) D:8
    Orc (0/2) D:10
 Vaults: D:13-14

Altars:
Ashenzari
Cheibriados
Dithmenos
Elyvilon
Fedhas
Hepliaklqana
Kikubaaqudgha
Makhleb
Nemelex Xobeh
Okawaru
Qazlal
Ru
Sif Muna
Trog
Uskayaw
Vehumet
Xom
Yredelemnul
Zin
The Shining One
Lugonu

Shops:
D:8 *   D:11 *}}:


Innate Abilities, Weirdness & Mutations

You reflexively headbutt those who attack you in melee.
You have a pair of horns on your head.
You are surrounded by a mild repulsion field. (EV +2)
You have supernaturally acute eyesight. (SInv)
You can translocate small distances at will.
Armour fits poorly on your strangely shaped body.
You are dopey. (Int -2)
You do not regenerate when monsters are visible.
You are occasionally teleported next to monsters.
You expend magic power (3 MP) to strengthen your wands.


Message History

You headbutt the bullfrog skeleton! You bludgeon the bullfrog skeleton!!
You destroy the bullfrog skeleton!
The red ugly thing tentacle-slaps you.
You are engulfed in flames!
The hornet misses you.
You barely miss the red ugly thing. You headbutt the red ugly thing.
The red ugly thing is lightly wounded.
The hornet stings you but does no damage.
The red ugly thing tentacle-slaps you!
* * * LOW HITPOINT WARNING * * *
You are engulfed in flames!!
* * * LOW HITPOINT WARNING * * *
Okay, then.
As you read the scroll of teleportation, it crumbles to dust.
You feel strangely unstable. The hornet barely misses you.
The red ugly thing tentacle-slaps you.
* * * LOW HITPOINT WARNING * * *
You are engulfed in flames!
You die...
Xom bursts into laughter!

#.#
#..####..####....#
# #.#
#....).........###
# #.
#..<.....#####.#
#.......)#
#####........#
........).....#
........(.....#
####..........####
#.....@..(.....
#....uy((......
#(...).)........
#.....)?........
#......(....####
#.....(.....#
#.........c.#
.............#
.......######...


You could see a red ugly thing, a centaur warrior (confused) and a hornet.

Vanquished Creatures
  Josephine (D:12)
  The ghost of Ymberto the Basher, a journeyman HuFi of Okawaru (D:10)
  Erolcha (D:9)
  5 two-headed ogres
  A hydra (D:13)
  A death knight (D:11)
  A fire crab (shapeshifter) (D:12)
  The ghost of Tiamon the Cleaver, a novice MiFi (D:6)
  An unseen horror (D:12)
  A death drake (shapeshifter) (D:13)
  A deep elf mage (D:13)
  2 manticores
  A centaur zombie (D:13)
  3 ugly things
  A gargoyle (D:11)
  A rime drake (D:13)
  4 kobold demonologists (D:12)
  A freezing wraith (D:11)
  2 polar bears (D:13)
  Grinder (D:3)
  7 trolls
  2 hornets (D:10)
  3 slime creatures (D:13)
  2 hippogriffs
  A spriggan (D:7)
  14 yaks
  A vampire (D:10)
  9 wraiths
  A steam dragon (D:10)
  2 hungry ghosts
  4 vampire mosquitoes (D:8)
  A water moccasin (D:8)
  A porcupine (Lair:1)
  2 sky beasts
  2 ice beasts (D:5)
  A black bear (D:10)
  A necrophage (D:10)
  6 orc warriors
  9 ogres
  2 phantoms
  6 centaurs
  An eye of draining (D:10)
  2 big kobolds
  10 bullfrogs
  A wyvern zombie (D:7)
  A wyvern skeleton (D:6)
  2 scorpions
  24 killer bees
  8 wights (D:9)
  7 howler monkeys
  6 jellies
  2 crimson imps
  4 hounds
  A quasit (D:12)
  2 bullfrog zombies
  4 centaur skeletons
  5 bullfrog skeletons
  6 iguanas
  7 orc priests
  Ijyb (D:4)
  Terence (D:3)
  8 orc wizards
  10 worker ants
  2 hound skeletons
  A howler monkey zombie (D:5)
  A gnoll (shapeshifter) (D:11)
  15 adders
  5 shadow imps
  2 oozes (D:1)
  An adder skeleton (D:8)
  2 worms
  A dart slug (D:3)
  5 leopard geckos
  44 orcs
  2 ball pythons
  8 bats
  3 giant cockroaches
  8 goblins
  7 hobgoblins
  18 jackals
  19 kobolds
  4 quokkas
  5 frilled lizards
  A jackal skeleton (D:6)
  2 rats
  2 demonic plants (Temple)
  A fungus (D:8)
380 creatures vanquished.

Vanquished Creatures (collateral kills)
  An ice beast (D:12)
  A killer bee (D:10)
  A quasit (D:10)
3 creatures vanquished.

Grand Total: 383 creatures vanquished

Notes
Turn   | Place    | Note
-------+----------+-------------------------------------------
     0 | D:1      | Mojopoop the Minotaur Fighter began the quest for the Orb.
     0 | D:1      | Reached XP level 1. HP: 19/19 MP: 0/0
   156 | D:1      | Reached XP level 2. HP: 27/27 MP: 1/1
   765 | D:1      | Reached XP level 3. HP: 32/33 MP: 2/2
   901 | D:2      | Reached skill level 4 in Fighting
   909 | D:2      | Found a stormy altar of Qazlal.
  1582 | D:3      | Found a hazy altar of Hepliaklqana.
  1583 | D:3      | Found an iron altar of Okawaru.
  1620 | D:3      | Reached XP level 4. HP: 40/40 MP: 3/3
  1623 | D:3      | Found a radiant altar of Vehumet.
  1642 | D:3      | Noticed Terence
  1642 | D:3      | Found a transporter.
  1648 | D:3      | Killed Terence
  1663 | D:3      | Found a shattered altar of Ashenzari.
  1666 | D:3      | Found a transporter.
  1706 | D:3      | Reached XP level 5. HP: 47/47 MP: 4/4
  1770 | D:3      | Noticed Grinder
  1775 | D:3      | Paralysed by Grinder for 3 turns
  1796 | D:3      | Killed Grinder
  1796 | D:3      | Reached skill level 5 in Fighting
  1796 | D:3      | Reached skill level 5 in Armour
  1796 | D:3      | Reached skill level 5 in Shields
  1796 | D:3      | Reached XP level 6. HP: 42/56 MP: 5/5
  2159 | D:3      | Found a white marble altar of Elyvilon.
  2161 | D:3      | Found a glowing silver altar of Zin.
  2170 | D:3      | Found a glowing golden altar of the Shining One.
  2232 | D:4      | Reached skill level 5 in Maces & Flails
  2268 | D:4      | Reached XP level 7. HP: 61/61 MP: 6/6
  2295 | D:4      | Noticed Ijyb
  2303 | D:4      | Killed Ijyb
  2405 | D:4      | Found an ancient bone altar of Kikubaaqudgha.
  2414 | D:4      | Found a sparkling altar of Nemelex Xobeh.
  2421 | D:4      | Found a sacrificial altar of Ru.
  2704 | D:4      | Reached skill level 1 in Dodging
  2743 | D:4      | Reached skill level 6 in Fighting
  3313 | D:5      | Entered Level 5 of the Dungeon
  3375 | D:5      | Reached XP level 8. HP: 71/71 MP: 7/7
  3383 | D:5      | Gained mutation: You tend to lose your temper in combat. [mutagenic meat]
  3409 | D:5      | Gained mutation: You are resistant to hostile enchantments. (MR+) [mutagenic meat]
  3951 | D:5      | Reached skill level 7 in Fighting
  4218 | D:6      | Noticed Tiamon's ghost (novice MiFi)
  4229 | D:6      | Killed Tiamon's ghost
  4229 | D:6      | Reached XP level 9. HP: 44/80 MP: 8/8
  4574 | D:6      | Reached skill level 8 in Fighting
  5196 | D:6      | Identified a scroll of acquirement
  5679 | D:7      | Reached skill level 10 in Maces & Flails
  5882 | D:7      | Found a staircase to the Ecumenical Temple.
  5888 | Temple   | Entered the Ecumenical Temple
  5919 | Temple   | Became a worshipper of Xom of Chaos
  6064 | D:7      | XOM: potion effect (heal wounds)
  6197 | D:8      | Noticed a two-headed ogre
  6203 | D:8      | Killed a two-headed ogre
  6203 | D:8      | Reached XP level 10. HP: 54/88 MP: 9/9
  6396 | D:8      | XOM: mild Air miscast
  6488 | D:8      | Found a staircase to the Lair.
  6548 | D:8      | Found a hide-covered altar of Uskayaw.
  6590 | D:8      | Gained mutation: You are surrounded by a mild repulsion field. (EV +2) [mutagenic meat]
  6592 | D:8      | Gained mutation: You have large cloven feet. [mutagenic meat]
  6736 | D:8      | XOM: polymorph centaur -> jelly
  6951 | D:8      | Noticed a two-headed ogre
  6964 | D:8      | Killed a two-headed ogre
  6964 | D:8      | Reached skill level 9 in Fighting
  6971 | D:8      | Found Kyzipn's Serpentskin Sales.
  7227 | Lair:1   | Entered Level 1 of the Lair of Beasts
  7845 | D:9      | Noticed Erolcha
  7855 | D:9      | XOM: cast spell 'Summon Ice Beast'
  7861 | D:9      | XOM: harmless Ice miscast
  7872 | D:9      | Killed Erolcha
  7872 | D:9      | Reached skill level 10 in Fighting
  7879 | D:9      | Reached skill level 10 in Armour
  7912 | D:9      | XOM: god gift: potion of degeneration
  8040 | D:9      | XOM: divination: magic mapping
  8069 | D:10     | XOM: noise
  8069 | D:10     | Entered Level 10 of the Dungeon
  8076 | D:10     | Reached XP level 11. HP: 99/99 MP: 10/10
  8083 | D:10     | XOM: summons friendly iron imp
  8103 | D:10     | Found a basalt altar of Yredelemnul.
  8132 | D:10     | XOM: noise
  8361 | D:10     | Found a staircase to the Orcish Mines.
  8372 | D:10     | XOM: harmless Tmut miscast
  8473 | D:10     | Lost mutation: You are resistant to hostile enchantments. (MR+) [potion of mutation]
  8473 | D:10     | Lost mutation: You tend to lose your temper in combat. [potion of mutation]
  8473 | D:10     | Lost mutation: You have large cloven feet. [potion of mutation]
  8473 | D:10     | Lost mutation: You are surrounded by a mild repulsion field. (EV +2) [potion of mutation]
  8473 | D:10     | Gained mutation: You are resistant to hostile enchantments. (MR+) [potion of mutation]
  8473 | D:10     | Gained mutation: Your spells are a little harder to cast, but a little more powerful. [potion of mutation]
  8473 | D:10     | Gained mutation: You are surrounded by a mild repulsion field. (EV +2) [potion of mutation]
  8473 | D:10     | Gained mutation: Your muscles are strong. (Str +2) [potion of mutation]
  8474 | D:10     | Lost mutation: Your spells are a little harder to cast, but a little more powerful. [potion of mutation]
  8474 | D:10     | Lost mutation: Your muscles are strong. (Str +2) [potion of mutation]
  8474 | D:10     | Gained mutation: You can translocate small distances at will. [potion of mutation]
  8474 | D:10     | Gained mutation: You are frail. (-10% HP) [potion of mutation]
  8474 | D:10     | Gained mutation: You expend magic power (3 MP) to strengthen your wands. [potion of mutation]
  8474 | D:10     | Gained mutation: Your flesh is heat resistant. (rF+) [potion of mutation]
  8505 | D:10     | XOM: mild Ice miscast
  8506 | D:10     | XOM: confuse monster(s)
  8516 | D:10     | Got a smoking bronze ring
  8520 | D:10     | Identified the ring "Vycodgh" {+Blink rC+++ Int+3 Slay-4 Stlth+} (You found it on level 10 of the Dungeon)
  8567 | D:10     | XOM: noise
  8589 | D:10     | XOM: confuse monster(s)
  8979 | D:10     | Noticed Ymberto's ghost (journeyman HuFi)
  8996 | D:10     | Killed Ymberto's ghost
  9189 | D:11     | Noticed a death knight
  9203 | D:10     | Reached skill level 11 in Fighting
  9228 | D:11     | XOM: potion effect (experience)
  9228 | D:11     | Reached skill level 13 in Fighting
  9228 | D:11     | Reached XP level 12. HP: 85/103 MP: 11/11
  9229 | D:11     | XOM: potion effect (brilliance)
  9232 | D:11     | Killed a death knight
  9252 | D:11     | XOM: mild Hex miscast
  9418 | D:11     | Noticed a two-headed ogre
  9426 | D:11     | Killed a two-headed ogre
  9470 | D:11     | Found Exkupt's Gadget Emporium.
  9472 | D:11     | Found Roufots's Gadget Shoppe.
  9534 | D:11     | XOM: confusion (+ monsters)
  9560 | D:11     | Found Assaas's Assorted Antiques.
  9567 | D:11     | Bought a potion of heal wounds for 160 gold pieces
  9567 | D:11     | Bought a scroll of identify for 64 gold pieces
  9576 | D:11     | Reached skill level 14 in Fighting
  9585 | D:11     | Gained mutation: You have supernaturally acute eyesight. (SInv) [mutagenic meat]
  9586 | D:11     | Gained mutation: You are dopey. (Int -2) [mutagenic meat]
  9631 | D:11     | XOM: chaos cloud
  9699 | D:11     | XOM: 2-stop teleportation journey
  9733 | D:11     | Found Cycweih's Book Shop.
  9802 | D:11     | XOM: polymorph jackal -> gnoll
  9846 | D:11     | XOM: harmless Tmut miscast
  9990 | D:11     | XOM: draining
 10097 | D:11     | XOM: confusion (+ monsters)
 10100 | D:11     | XOM: swap monsters
 10143 | D:12     | XOM: blink monster(s)
 10148 | D:12     | XOM: enchant monster (bad)
 10155 | D:12     | XOM: summons 6 hostile demons
 10157 | D:12     | XOM: noise
 10162 | D:11     | XOM: noise
 10256 | D:12     | XOM: confuse monster(s)
 10274 | D:12     | Noticed a two-headed ogre
 10294 | D:12     | XOM: summons friendly quasit
 10300 | D:12     | XOM: potion effect (curing)
 10301 | D:12     | Killed a two-headed ogre
 10317 | D:12     | Reached skill level 5 in Dodging
 10322 | D:12     | Gained mutation: You are occasionally teleported next to monsters. [mutagenic meat]
 10386 | D:12     | Reached XP level 13. HP: 112/112 MP: 12/12
 10421 | D:12     | XOM: summons 2 friendly demons
 10432 | D:12     | Lost mutation: Your flesh is heat resistant. (rF+) [mutagenic meat]
 10462 | D:12     | Noticed Josephine
 10497 | D:12     | Killed Josephine
 10888 | D:12     | XOM: harmless Tmut miscast
 10908 | D:12     | Reached skill level 15 in Fighting
 10912 | D:12     | XOM: give mutations
 10912 | D:12     | Lost mutation: You are dopey. (Int -2) [Xom's mischief]
 10912 | D:12     | Gained mutation: You do not regenerate when monsters are visible. [Xom's mischief]
 11091 | D:12     | Lost mutation: You are frail. (-10% HP) [mutagenic meat]
 11092 | D:12     | Gained mutation: Armour fits poorly on your strangely shaped body. [mutagenic meat]
 11168 | D:13     | XOM: draining
 11275 | D:13     | XOM: blink monster(s)
 11338 | D:13     | XOM: give mutations
 11338 | D:13     | Gained mutation: You are dopey. (Int -2) [Xom's mischief]
 11338 | D:13     | Lost mutation: You are resistant to hostile enchantments. (MR+) [Xom's mischief]
 11357 | D:13     | XOM: 2-stop teleportation journey
 11360 | D:13     | XOM: enchant monster (good)
 11377 | D:13     | XOM: scenery: create altars
 11536 | D:13     | Found a frozen archway.
 11677 | IceCv    | Entered an ice cave
 11679 | IceCv    | XOM: divination: detect items
 11701 | D:13     | XOM: fog
 11894 | D:13     | XOM: noise
 11901 | D:13     | XOM: swap monsters
 11910 | D:13     | XOM: blink monster(s)
 11920 | D:13     | Slain by a red ugly thing

Skill      XL: |  1  2  3  4  5  6  7  8  9 10 11 12 13 |
---------------+----------------------------------------+-----
Armour         | 4 5 6 7 8 10 12 13 | 13.6
Maces & Flails | 3 4 5 6 7 11 12 14 | 14.3
Shields        | 4 5 6 7 |  7.7
Fighting       | 4 5 6 7 8 10 13 14 15 | 15.5
Dodging        | 2 3 5 7 |  7.8

Action                   |  1- 3 |  4- 6 |  7- 9 | 10-12 | 13-15 || total
-------------------------+-------+-------+-------+-------+-------++-------
Melee: Flail             |    89 |    82 |   279 |   562 |   300 ||  1312
       Headbutt          |     8 |    20 |    72 |   116 |    84 ||   300
       Kick              |       |       |       |    67 |       ||    67
Throw: Javelin           |       |       |     1 |       |       ||     1
Evoke: Wand              |       |       |       |     3 |       ||     3
  Use: Scroll            |     8 |     5 |     8 |     8 |     2 ||    31
       Potion            |     3 |     2 |     7 |     8 |     5 ||    25
 Stab: Confused          |       |       |       |     2 |       ||     2
       Distracted        |       |       |       |     1 |       ||     1
  Eat: Fruit             |     3 |       |     1 |       |       ||     4
       Bread ration      |       |     1 |     1 |       |       ||     2
       Chunk             |       |       |     4 |    12 |     4 ||    20
       Royal jelly       |       |       |     4 |     3 |       ||     7
       Meat ration       |       |       |     1 |     2 |       ||     3
Armor: Scale mail        |    38 |    36 |    62 |    91 |       ||   227
       Troll leather arm |       |       |       |    27 |    73 ||   100
Dodge: Dodged            |    16 |    31 |    71 |   237 |   156 ||   511
Block: Shield            |    53 |    25 |    50 |       |       ||   128
       Buckler           |       |       |    48 |   167 |    98 ||   313
